 Dungeon Crawl Stone Soup version 0.18.1-48-g4cf74bf (webtiles) character file.

102 Heedrag the Conjurer (level 4, -11/24 HPs)
             Began as a Deep Elf Conjurer on Aug 13, 2016.
             Shot with an arrow by a centaur (12 damage)
             ... on level 3 of the Dungeon.
             The game lasted 00:03:38 (1821 turns).

Heedrag the Conjurer (Deep Elf Conjurer)            Turns: 1821, Time: 00:03:39

Health: -11/24     AC:  2    Str:  6    XL:     4   Next: 49%
Magic:  10/12      EV: 13    Int: 20    God:
Gold:   166        SH:  0    Dex: 15    Spells: 1 memorised, 10 levels left

rFire  . . .     SeeInvis .     l - +0 short sword
rCold  + . .     Gourm    .     q - +0 robe {rC+}
rNeg   . . .     Faith    .     (no shield)
rPois  +         Spirit   .     (no helmet)
rElec  .         Dismiss  .     (no cloak)
rCorr  .         Reflect  .     (no gloves)
SustAt +         Harm     .     (no boots)
MR     .....                    (no amulet)
Stlth  ++........               t - ring of sustain attributes
                                p - ring of poison resistance

@: not resistant to hostile enchantments, unstealthy
A: no striking features
a: no special abilities


You were on level 3 of the Dungeon.
You were not hungry.

You visited 1 branch of the dungeon, and saw 3 of its levels.

You collected 166 gold pieces.

Inventory:

Hand Weapons
 l - a +0 short sword (weapon)
Armour
 q - a +0 robe of cold resistance (worn)
Jewellery
 p - a ring of poison resistance (left hand)
 t - a ring of sustain attributes (right hand)
Scrolls
 a - a scroll of identify {unknown}
 d - a scroll of remove curse {unknown}
 f - a scroll of amnesia {unknown}
 h - 2 scrolls of fear {unknown}
 m - a scroll of noise {unknown}
 r - a scroll of enchant weapon {unknown}
 u - a scroll of teleportation {unknown}
Potions
 e - 2 potions of magic {unknown}
 g - 2 potions of degeneration {unknown}
 j - 2 potions of ambrosia {unknown}
 s - a potion of heal wounds {unknown}
Books
 b - a book of Conjurations

   Spells                             Type                      Level
   a - Magic Dart                     Conjuration                  1
   b - Searing Ray                    Conjuration                  2
   c - Dazzling Spray                 Conjuration/Hexes            3
   d - Fulminant Prism                Conjuration/Hexes            4
   e - Iskenderun's Mystic Blast      Conjuration                  4
   f - Iskenderun's Battlesphere      Conjuration/Charms           5
Comestibles
 c - a bread ration
 i - 2 meat rations
 k - a slice of pizza
 o - 3 fruits


   Skills:
 - Level 2.4 Dodging
 - Level 2.4 Stealth
 + Level 4.2 Spellcasting
 * Level 6.0 Conjurations


You had 10 spell levels left.
You knew the following spells:

 Your Spells              Type           Power        Failure   Level  Hunger
a - Magic Dart            Conj           ####         1%          1    None


Dungeon Overview and Level Annotations

Branches:
Dungeon (3/15)

Altars:
Dithmenos
Xom


Message History

Ouch! Tha re'lly hurt!
* * * LOW HITPOINT WARNIN'
* * * Thin's tha be 'ere: an arrow; a rat corpse Ye butcher tha rat corpse.
Tha centaur shoots an arrow.
Tha arrow hits ye.
* * * LOW HITPOINT WARNIN'
* * * Tha centaur shoots an arrow.
Tha arrow completely misses ye.
Thin's tha be 'ere: 2 arrows; a chunk o' flesh Unknown command.
Castin': Magic Dart Confirm wit' . or Enter, or press ? or * ta list all spells.
Aimin': Magic Dart
Press: ? - help, Shift-Dir - straight line, f - centaur
Aim: a centaur, wieldin' a shortbow Tha magic dart hits tha centaur.
Tha centaur be lightly wounded.
Tha centaur shoots an arrow.
Tha arrow hits ye!
Ouch! Tha re'lly hurt!
Ye die...

##########
.........#
.........#
..$....c.#
.........#
.........#
.......@.####
.........'..#
$......(.##.#
########.#.<#
#.#..# #.#..#
#.#..# #!#..#
#.#..#


You could see a centaur.

Vanquished Creatures
  Jessica (D:2)
  2 adders (D:2)
  An ooze (D:2)
  2 worms (D:2)
  3 giant geckos
  8 bats
  3 giant cockroaches
  2 goblins (D:1)
  6 hobgoblins
  2 jackals (D:1)
  5 kobolds
  2 giant newts (D:2)
  5 rats
42 creatures vanquished.

Notes
Turn   | Place    | Note
--------------------------------------------------------------
     0 | D:1      | Heedrag the Deep Elf Conjurer began the quest for the Orb.
     0 | D:1      | Reached XP level 1. HP: 10/10 MP: 6/6
   320 | D:1      | Reached XP level 2. HP: 15/15 MP: 6/8
   473 | D:1      | Reached skill level 5 in Conjurations
  1084 | D:2      | Found a faded altar to an unknown god.
  1090 | D:2      | Reached XP level 3. HP: 19/19 MP: 6/10
  1110 | D:2      | Found a shadowy altar of Dithmenos.
  1275 | D:2      | Noticed Jessica
  1277 | D:2      | Killed Jessica
  1314 | D:2      | Reached XP level 4. HP: 24/24 MP: 6/12
  1666 | D:2      | Found a shimmering altar of Xom.
  1738 | D:2      | Reached skill level 6 in Conjurations
  1816 | D:3      | Noticed a centaur
  1820 | D:3      | HP: 1/24 [centaur/arrow (6)]
  1821 | D:3      | Shot with an arrow by a centaur

Skill      XL: |  1  2  3  4 |
---------------+-------------+-----
Conjurations   | 5 6 |  6.0
Spellcasting   | 4 |  4.2
Dodging        | |  2.4
Stealth        | |  2.4

Action                   |  1- 3 |  4- 6 || total
-------------------------+-------+-------++-------
Melee: Unarmed           |    26 |       ||    26
       Short sword       |     3 |       ||     3
 Cast: Magic Dart        |    67 |    32 ||    99
  Eat: Chunk             |     1 |     2 ||     3
Armor: Robe              |     9 |       ||     9
Dodge: Dodged            |    28 |     2 ||    30
